 Dungeon Crawl Stone Soup version 0.22.1-2-g9c5b331383 (webtiles) character file.

2300 Marnok the Covered (level 9, -3/77 HPs)
             Began as a Hill Orc Fighter on Nov 24, 2018.
             Blown up by Joseph (22 damage)
             ... with a wand of disintegration (16)
             ... on level 8 of the Dungeon.
             The game lasted 00:45:13 (9367 turns).

Marnok the Covered (Hill Orc Fighter)               Turns: 9367, Time: 00:45:14

Health: -3/77      AC: 12    Str: 17      XL:     9   Next: 40%
Magic:  9/9        EV: 10    Int:  8      God:
Gold:   332        SH: 11    Dex: 10 (11) Spells: 8/8 levels left

rFire    + . .     SeeInvis .   a - +1 rapier
rCold    . . .     Gourm    .   c - +1 shield
rNeg     + . .     Faith    .   z - +2 ring mail {rF+}
rPois    .         Spirit   .   (no helmet)
rElec    .         Reflect  .   (no cloak)
rCorr    .         Harm     .   (no gloves)
MR       .....                  (no boots)
Stlth    +.........             (no amulet)
HPRegen  0.22/turn              o - +4 ring of protection
MPRegen  0.11/turn              g - ring of positive energy

@: hasted, very quick
A: blink, weak 2, MP-powered wands
a: Blink


You were on level 8 of the Dungeon.
You were not hungry.

You visited 1 branch of the dungeon, and saw 9 of its levels.

You collected 500 gold pieces.
You spent 168 gold pieces at shops.

Inventory:

Hand Weapons
 a - a +1 rapier (weapon)
 i - a +0 club
 r - a +0 flail of holy wrath
 w - a +0 whip of freezing
Armour
 b - a +0 scale mail
 c - a +1 shield (worn)
 d - a +0 robe of positive energy
 j - a +0 robe
 s - a cursed +0 pair of boots
 z - a +2 ring mail of fire resistance (worn)
Jewellery
 g - a ring of positive energy (right hand)
 o - a +4 ring of protection (left hand)
Scrolls
 e - 3 scrolls of enchant weapon
 k - a scroll of fear
 l - a scroll of vulnerability {unknown}
 m - 3 scrolls of remove curse
 n - a scroll of identify
 v - a scroll of amnesia
 x - 3 scrolls of blinking
 y - a scroll of random uselessness
Potions
 t - a potion of magic
 u - a potion of curing
Comestibles
 f - 11 rations


   Skills:
 + Level 6.3 Fighting
 + Level 6.3 Short Blades
 + Level 3.5 Maces & Flails
 + Level 7.1 Armour
 + Level 3.0 Dodging
 + Level 0.7 Stealth
 + Level 7.0 Shields


You had 8 spell levels left.
You didn't know any spells.
Your spell library contained the following spells:

 Spells                   Type           Power        Failure   Level  Hunger
 Shock                    Conj/Air       #...         90%         1    ##.....
 Swiftness                Chrm/Air       #.......     97%         2    ###....
 Static Discharge         Conj/Air       #.......     99%         3    ####...
 Airstrike                Air            #.........   100%        4    #####..
 Lightning Bolt           Conj/Air       #.........   100%        5    ######.


Dungeon Overview and Level Annotations

Branches:
Dungeon (9/15)             Temple (0/1) D:7
   Lair: D:8-11         Orc: D:9-12

Altars:
Ashenzari
Cheibriados
Dithmenos
Elyvilon
Fedhas
Hepliaklqana
Kikubaaqudgha
Nemelex Xobeh
Okawaru
Qazlal
Vehumet
Wu Jian
Yredelemnul

Shops:
D:4 *

Annotations:
D:8 Joseph


Innate Abilities, Weirdness & Mutations

You can translocate small distances at will.
You are very weak. (Str -4)
You expend magic power (3 MP) to strengthen your wands.


Message History

You block Joseph's attack.
You feel yourself speed up.
You hit Joseph.
Joseph is moderately wounded.
Joseph hits you but does no damage.
You closely miss Joseph.
Joseph is moderately wounded.
Joseph hits you but does no damage.
You puncture Joseph!
Joseph is heavily wounded.
You hit Joseph but do no damage.
Joseph is heavily wounded.
Joseph hits you with an uncursed quarterstaff!
* * * LOW HITPOINT WARNING * * *
You hit Joseph.
Joseph is heavily wounded.
You closely miss Joseph.
Joseph is heavily wounded.
Joseph zaps a wand.
You are blasted!
You die...

..#...#.# ....#.#.# ....>.#.#
######### ....###.# #..(....#
##### #.############?(((...#
...# #.##.........(.......######
##.# #.##........(..............
#.# #.##......)....#####.######
#.# #.##......@@...# #.# ##.#
#.##...........# #.# ...#
#.##...........# #.# ####
#.##...........# #.#
######.############## ###.#
#....(...##############...#
#....................##≈≈##
#........###########.##≈≈≈######
#........# #(###≈≈≈##...


You could see Joseph.

Vanquished Creatures
  Pikel (D:7)
  A sky beast (D:6)
  4 ogres
  2 phantoms (D:7)
  2 centaurs (D:8)
  2 bullfrogs
  A water moccasin skeleton (D:7)
  2 howler monkeys (D:7)
  4 wights (D:6)
  3 hounds
  A jelly (D:7)
  A quasit (D:7)
  3 bullfrog skeletons
  2 orc priests
  Jessica (D:2)
  3 iguanas
  A worker ant (D:7)
  A hound zombie (D:7)
  A worker ant zombie (D:8)
  6 adders
  A shadow imp (D:5)
  3 oozes
  An adder skeleton (D:8)
  3 worms
  2 dart slugs
  5 leopard geckos
  15 orcs
  7 giant cockroaches
  A gnoll zombie (D:7)
  3 goblins
  9 hobgoblins
  7 jackals
  6 quokkas
  A ball python (D:4)
  6 bats
  2 frilled lizards
  A jackal zombie (D:6)
  11 kobolds
  A quokka zombie (D:7)
  9 rats
136 creatures vanquished.

Vanquished Creatures (others)
  A gnoll zombie (D:7)
  A quokka (D:3)
2 creatures vanquished.

Grand Total: 138 creatures vanquished

Notes
Turn   | Place    | Note
-------+----------+-------------------------------------------
     0 | D:1      | Marnok the Hill Orc Fighter began the quest for the Orb.
     0 | D:1      | Reached XP level 1. HP: 19/19 MP: 1/1
   348 | D:1      | Reached XP level 2. HP: 27/27 MP: 2/2
   723 | D:1      | Reached XP level 3. HP: 27/33 MP: 3/3
  1212 | D:2      | Found a shattered altar of Ashenzari.
  1374 | D:2      | Gained mutation: You are weak. (Str -2) [potion of
                  | mutation]
  1374 | D:2      | Gained mutation: You can translocate small distances at
                  | will. [potion of mutation]
  1374 | D:2      | Gained mutation: You are very weak. (Str -4) [potion of
                  | mutation]
  1374 | D:2      | Gained mutation: You expend magic power (3 MP) to
                  | strengthen your wands. [potion of mutation]
  1565 | D:2      | Noticed Jessica
  1571 | D:2      | Killed Jessica
  1571 | D:2      | Reached XP level 4. HP: 21/40 MP: 4/4
  1837 | D:2      | Found a shadowy altar of Dithmenos.
  1838 | D:2      | Found a blossoming altar of Fedhas.
  1838 | D:2      | Found a stormy altar of Qazlal.
  1853 | D:2      | Found an ornate altar of the Wu Jian Council.
  1854 | D:2      | Found a shattered altar of Ashenzari.
  2565 | D:3      | Reached XP level 5. HP: 16/46 MP: 5/5
  3485 | D:3      | Found a white marble altar of Elyvilon.
  3613 | D:5      | Entered Level 5 of the Dungeon
  4099 | D:4      | Found Wygadisk's Assorted Antiques.
  4114 | D:4      | Reached skill level 5 in Armour
  4123 | D:4      | Reached XP level 6. HP: 29/52 MP: 6/6
  4271 | D:4      | Bought a potion of heal wounds for 120 gold pieces
  4271 | D:4      | Bought a scroll of identify for 48 gold pieces
  4423 | D:5      | Found a sparkling altar of Nemelex Xobeh.
  4597 | D:5      | Reached skill level 1 in Dodging
  5230 | D:6      | Noticed a sky beast
  5265 | D:6      | Killed a sky beast
  5265 | D:6      | Reached XP level 7. HP: 30/60 MP: 7/7
  5531 | D:6      | Found an iron altar of Okawaru.
  5621 | D:6      | Found an iron altar of Okawaru.
  5624 | D:6      | Found a radiant altar of Vehumet.
  5727 | D:6      | Found an ancient bone altar of Kikubaaqudgha.
  5730 | D:6      | Found a snail-covered altar of Cheibriados.
  5805 | D:7      | Found a staircase to the Ecumenical Temple.
  6109 | D:6      | Reached skill level 5 in Fighting
  6349 | D:6      | HP: 3/61 [wight/trident of freezing (4)]
  6921 | D:7      | Reached skill level 1 in Maces & Flails
  6921 | D:7      | Reached skill level 5 in Shields
  7160 | D:7      | Reached XP level 8. HP: 28/69 MP: 8/8
  7520 | D:7      | Reached skill level 5 in Short Blades
  7953 | D:7      | Noticed Pikel
  7978 | D:7      | Killed Pikel
  7978 | D:7      | Reached XP level 9. HP: 73/75 MP: 9/9
  7987 | D:7      | Found a basalt altar of Yredelemnul.
  8163 | D:7      | Found a hazy altar of Hepliaklqana.
  9342 | D:8      | Noticed Joseph
  9367 | D:8      | Blown up by Joseph

Skill      XL: |  1  2  3  4  5  6  7  8  9 |
---------------+----------------------------+-----
Fighting       | 4 5 6 |  6.3
Armour         | 4 5 6 7 |  7.1
Short Blades   | 3 4 5 6 |  6.3
Shields        | 4 5 6 7 |  7.0
Dodging        | 1 2 3 |  3.0
Maces & Flails | 1 3 |  3.5
Stealth        | |  0.7

Action                   |  1- 3 |  4- 6 |  7- 9 || total
-------------------------+-------+-------+-------++-------
Melee: Rapier            |   158 |   219 |   270 ||   647
       Flail             |       |       |   104 ||   104
  Use: Scroll            |     5 |     8 |     8 ||    21
       Potion            |     3 |     3 |     5 ||    11
  Eat: Ration            |     1 |     3 |     4 ||     8
       Chunk             |     1 |       |     1 ||     2
Armor: Scale mail        |    51 |   107 |   159 ||   317
       Ring mail         |       |       |    16 ||    16
Dodge: Dodged            |    42 |    62 |   126 ||   230
Block: Shield            |    74 |   109 |   236 ||   419
